 Dungeon Crawl Stone Soup version 0.29-a0-542-g075992c915 (webtiles) character file.

Game seed: 11932988859481989712

45 pokeman the Magician (level 3, 0/20 HPs)
             Began as a Deep Elf Hedge Wizard on June 4, 2022.
             Succumbed to an adder's poison
             ... on level 2 of the Dungeon.
             The game lasted 00:02:25 (1401 turns).

pokeman the Magician (Deep Elf Hedge Wizard)        Turns: 1401, Time: 00:02:25

Health: 0/20       AC:  4    Str:  7    XL:     3   Next: 42%
Magic:  10/11      EV: 15    Int: 20    God:
Gold:   42         SH:  0    Dex: 14    Spells: 0/12 levels left

rFire   . . .      SeeInvis .   a - +0 dagger
rCold   . . .      Faith    .   (no shield)
rNeg    . . .      Spirit   .   g - +0 leather armour
rPois   .          Reflect  .   c - +0 hat
rElec   .          Harm     .   f - +0 cloak
rCorr   .          Rampage  .   (no gloves)
Will    .....                   (no boots)
Stlth   ++........              (no amulet)
HPRegen 0.06/turn               e - +4 ring of evasion
MPRegen 0.12/turn               (no ring)

@: lethally poisoned (0 -> -2)
A: no striking features
a: no special abilities


You were on level 2 of the Dungeon.
You visited 1 branch of the dungeon, and saw 2 of its levels.

You collected 42 gold pieces.

Inventory:

Hand Weapons
 a - a +0 dagger (weapon)
Armour
 c - a +0 hat (worn)
 f - a +0 cloak (worn)
 g - a +0 leather armour (worn)
Jewellery
 e - a +4 ring of evasion (left hand)
Scrolls
 b - 2 scrolls of immolation {unknown}
 h - a scroll of noise {unknown}
 i - a scroll of torment {unknown}
 j - a scroll of amnesia {unknown}
Potions
 d - a potion of magic


   Skills:
 + Level 1.0 Fighting
 + Level 0.8 Armour
 - Level 2.4 Dodging
 - Level 2.4 Stealth
 * Level 5.2 Spellcasting
 + Level 1.9 Conjurations
 - Level 1.1 Summonings
 - Level 1.1 Translocations


You couldn't memorise any spells.
You knew the following spells:

 Your Spells              Type           Power      Damage    Failure   Level
a - Magic Dart            Conj           48%        1d5       8%          1
b - Mephitic Cloud        Conj/Pois/Air  7%         N/A       36%         3
c - Call Imp              Summ           9%         N/A       16%         2
d - Blink                 Tloc           18%        N/A       16%         2
e - Conjure Flame         Conj/Fire      9%         6-21      32%         3
f - Foxfire               Conj/Fire      36%        2x1d5     11%         1

Your spell library contained the following spells:

 Spells                   Type           Power      Damage    Failure   Level
 Slow                     Hex            20%        N/A       17%         1
 Inner Flame              Hex/Fire       5%         N/A       45%         3
 Flame Wave               Conj/Fire      9%         2d5       73%         4


Dungeon Overview and Level Annotations

Branches:
Dungeon (2/15)

Altars:

Shops:
D:1 (


Message History

There is a stone staircase leading down here.
You climb downwards.
Found a dagger and a rapier.
There is a stone staircase leading up here.
An adder comes into view.
The adder hisses angrily.
Casting: Foxfire (safe; 12% risk of failure)
Confirm with . or Enter, or press ? or * to list all spells.
You conjure some foxfire!
The adder bites you.
You are poisoned.
The adder poisons you!
Found a war axe.
You feel sick.
The foxfire hits the adder.
The adder is heavily wounded.
The foxfire hits the adder.
The adder is almost dead.
The adder misses you.
Casting: Foxfire (safe; 12% risk of failure)
Confirm with . or Enter, or press ? or * to list all spells.
You conjure some foxfire!
You feel sick. The adder bites you.
You are more poisoned.
The adder poisons you! The adder bites you.
You hit the adder.
You kill the adder!
You feel very sick.
Your Fighting skill increases to level 1!
Unknown command.
It was a potion of cancellation.
You feel magically purged.
You feel sick.
Your foxfire dissipates!
* * * LOW HITPOINT WARNING * * *
You feel sick.
Your foxfire dissipates!
* * * LOW HITPOINT WARNING * * *
You feel sick.
* * * LOW HITPOINT WARNING * * *
You feel sick.
* * * LOW HITPOINT WARNING * * *
You feel sick.
* * * LOW HITPOINT WARNING * * *
You feel sick.
You die...

##. .. .#
#.### ..#
#.... )..#
#..)# #...
#...#...
#..<#.###.#
#.#...)...#
#..@..#####
#.###.# #.
## #


There were no monsters in sight!

Vanquished Creatures
  An adder (D:2)
  2 bats (D:1)
  5 endoplasms (D:1)
  2 giant cockroaches (D:1)
  5 goblins (D:1)
  2 hobgoblins (D:1)
  4 jackals (D:1)
  A quokka (D:1)
  5 ball pythons (D:1)
  2 frilled lizards (D:1)
  A kobold (D:1)
  A rat (D:1)
31 creatures vanquished.

Vanquished Creatures (others)
  81 foxfires
81 creatures vanquished.

Grand Total: 112 creatures vanquished

Notes
Turn   | Place    | Note
-------+----------+-------------------------------------------
     0 | D:1      | pokeman the Deep Elf Hedge Wizard began the quest for the
                  | Orb.
     0 | D:1      | Reached XP level 1. HP: 10/10 MP: 7/7
    48 | D:1      | Learned a level 1 spell: Foxfire
   106 | D:1      | Found Ruroac's Weapon Shoppe.
   223 | D:1      | Reached XP level 2. HP: 16/16 MP: 3/9
   509 | D:1      | Found a faded altar of an unknown god.
   575 | D:1      | Reached skill level 5 in Spellcasting
   599 | D:1      | Reached XP level 3. HP: 20/20 MP: 0/11
   603 | D:1      | Learned a level 3 spell: Mephitic Cloud
   606 | D:1      | Learned a level 2 spell: Call Imp
   609 | D:1      | Learned a level 2 spell: Blink
   613 | D:1      | Learned a level 3 spell: Conjure Flame
  1395 | D:2      | Reached skill level 1 in Fighting
  1400 | D:2      | HP: 1/20 [poisoned by an adder]
  1401 | D:2      | Succumbed to an adder's poison

Illustrated notes

Levels and vault maps discovered:
D:1:      dpeg_arrival_lava_temple_mockup, layout_basic,
          hellmonk_ecumenical_altar_run_dry, serial_shops, shop,
          chequers_serial_rivers_small_3
D:2:      layout_basic

Skill      XL: |  1  2  3 |
---------------+----------+-----
Spellcasting   | 5 |  5.2
Fighting       | 1 |  1.0
Armour         | |  0.8
Dodging        | |  2.4
Stealth        | |  2.4
Conjurations   | |  1.9
Summonings     | |  1.1
Translocations | |  1.1

Action                   || total
-------------------------++-------
Melee: Dagger            ||    10
 Cast: Foxfire           ||    45
       Magic Dart        ||     3
  Use: Potion            ||     1
Armor: Leather armour    ||     2
Dodge: Dodged            ||    25

Table legend: (Time is in decaauts)
 A = Elapsed time spent in this place.
 B = Non-inter-level travel time spent in this place.
 C = Inter-level travel time spent in this place.
 D = Time resting spent in this place.
 E = Time spent auto-exploring this place.
 F = Levels seen in this place.
 G = Mean time per level.
                   A        B        C        D        E       F      G
               +--------+--------+--------+--------+--------+-----+--------+
         Total |   1403 |   1379 |     24 |     25 |   1157 |   2 |  701.5 |
       Dungeon |   1403 |   1379 |     24 |     25 |   1157 |   2 |  701.5 |
               +--------+--------+--------+--------+--------+-----+--------+

Top non-repeatable levels by time:
     D:1: 1392 daAuts
     D:2: 11 daAuts
